MLB2
SALT LAKE CITY LIGHTNING @ VANCOUVER TITANS
08/20/2023
 
TOP OF THE 1ST
Salt Lake City Lightning batting - Pitching for Vancouver Titans : RHP Corey Oswalt
Pitching: RHP Corey Oswalt
Batting: RHB Caleb Durbin 0-0: Ball
1-0: Ball
2-0: Foul Ball, location: 25FF
2-1: Called Strike
2-2: Ball
3-2: Foul Ball, location: 2F
3-2: Fly out, F8 (Flyball, 78D, EV 99.4 MPH)
Batting: RHB Eury Perez 0-0: Called Strike
0-1: Foul Ball, location: 2F
0-2: Ball
1-2: SINGLE (Flyball, 9LS, EV 90.6 MPH)
Batting: RHB Frank Schwindel 0-0: Ball
1-0: Called Strike
Eury Perez is caught stealing 2nd base 2-4
1-1: Ground out 4-3 (Groundball, 4, EV 90.6 MPH)
Top of the 1st over - 0 runs, 1 hit, 0 errors, 0 left on base; Salt Lake City 0 - Vancouver 0
BOTTOM OF THE 1ST
Vancouver Titans batting - Pitching for Salt Lake City Lightning : RHP Erasmo Ramirez
Pitching: RHP Erasmo Ramirez
Batting: LHB Braiden Ward 0-0: Ball
1-0: Ball
2-0: Foul Ball, location: 2F
2-1: Fly out, F7 (Flyball, 78S, EV 96.3 MPH)
Batting: RHB Hunter Stovall 0-0: Called Strike
0-1: Ball
1-1: Ball
2-1: Foul Ball, location: 3F
2-2: Strikes out looking
Batting: LHB Alex Crosby 0-0: Ball
1-0: Foul Ball, location: 2F
1-1: Foul Ball, location: 7LDF
1-2: Ball
2-2: Foul Ball, location: 7LDF
2-2: Foul Ball, location: 2F
2-2: Strikes out looking
Bottom of the 1st over - 0 runs, 0 hits, 0 errors, 0 left on base; Salt Lake City 0 - Vancouver 0
TOP OF THE 2ND
Salt Lake City Lightning batting - Pitching for Vancouver Titans : RHP Corey Oswalt
Batting: RHB Yohel Pozo 0-0: Called Strike
0-1: Ground out 4-3 (Groundball, 4D, EV 109.4 MPH)
Batting: RHB AJ Pollock 0-0: Foul Ball, location: 25F
0-1: Foul Ball, location: 2F
0-2: Strikes out looking
Batting: LHB Daniel Brito 0-0: Reached on error, E3 (Groundball, 34, EV 90.6 MPH)
Batting: RHB Daz Cameron 0-0: Ball
1-0: Foul Ball, location: 2F
1-1: Called Strike
1-2: Foul Ball, location: 9LDF
1-2: Ball
2-2: Fly out, F9 (Flyball, 89M, EV 86.3 MPH)
Top of the 2nd over - 0 runs, 0 hits, 1 error, 1 left on base; Salt Lake City 0 - Vancouver 0
BOTTOM OF THE 2ND
Vancouver Titans batting - Pitching for Salt Lake City Lightning : RHP Erasmo Ramirez
Batting: RHB Jack Mayfield 0-0: Swinging Strike
0-1: Ball
1-1: Swinging Strike
1-2: Foul Ball, location: 2F
1-2: Fly out, F9 (Flyball, 9D, EV 90.0 MPH)
Batting: RHB Jimmy Herron 0-0: Fly out, F7 (Flyball, 7S, EV 92.5 MPH)
Batting: RHB Juan Martinez 0-0: Ball
1-0: Ball
2-0: Foul Ball, location: 2F
2-1: Fly out, F7 (Line Drive, 7, EV 92.5 MPH)
Bottom of the 2nd over - 0 runs, 0 hits, 0 errors, 0 left on base; Salt Lake City 0 - Vancouver 0
TOP OF THE 3RD
Salt Lake City Lightning batting - Pitching for Vancouver Titans : RHP Corey Oswalt
Batting: RHB Gabriel Rodriguez 0-0: Ball
1-0: Ball
2-0: Foul Ball, location: 9LSF
2-1: Fly out, F8 (Flyball, 8LXD, EV 85.6 MPH)
Batting: SHB Gage Workman 0-0: Ball
1-0: Ground out 6-3 (Groundball, 6S, EV 66.3 MPH)
Batting: RHB Caleb Durbin 0-0: Ball
1-0: Foul Ball, location: 9LSF
1-1: Ball
2-1: Ball
3-1: Foul Ball, location: 23F
3-2: Base on Balls
Batting: RHB Eury Perez 0-0: Ball
1-0: Called Strike
1-1: Ball
Caleb Durbin steals 2nd base
2-1: Swinging Strike
2-2: Foul Ball, location: 9LDF
2-2: Foul Ball, location: 9LSF
2-2: Strikes out swinging
Top of the 3rd over - 0 runs, 0 hits, 0 errors, 1 left on base; Salt Lake City 0 - Vancouver 0
BOTTOM OF THE 3RD
Vancouver Titans batting - Pitching for Salt Lake City Lightning : RHP Erasmo Ramirez
Batting: RHB Richie Martin 0-0: Ball
1-0: Ball
2-0: Ground out 6-3 (Groundball, 6, EV 76.3 MPH)
Batting: RHB Erick Castillo 0-0: Ball
1-0: Called Strike
1-1: Called Strike
1-2: Ball
2-2: Strikes out swinging
Batting: RHB Sheldon Neuse 0-0: Foul Ball, location: 2F
0-1: Ball
1-1: Ball
2-1: Ball
3-1: Called Strike
3-2: Foul Ball, location: 2F
3-2: Base on Balls
Batting: LHB Braiden Ward 0-0: Ball
1-0: Ball
2-0: Called Strike
2-1: Fly out, F8 (Flyball, 8LD, EV 98.1 MPH)
Bottom of the 3rd over - 0 runs, 0 hits, 0 errors, 1 left on base; Salt Lake City 0 - Vancouver 0
TOP OF THE 4TH
Salt Lake City Lightning batting - Pitching for Vancouver Titans : RHP Corey Oswalt
Batting: RHB Frank Schwindel 0-0: Ball
1-0: Swinging Strike
1-1: SOLO HOME RUN (Flyball, 7LD, EV 89.4 MPH), Distance : 338 ft
Batting: RHB Yohel Pozo 0-0: Called Strike
0-1: Ball
1-1: Ground out U3 (Groundball, 3, EV 66.9 MPH)
Batting: RHB AJ Pollock 0-0: Ball
1-0: Swinging Strike
1-1: Called Strike
1-2: Strikes out looking
Batting: LHB Daniel Brito 0-0: Foul Ball, location: 7LSF
0-1: Fly out, F9 (Flyball, 9LS, EV 92.5 MPH)
Top of the 4th over - 1 run, 1 hit, 0 errors, 0 left on base; Salt Lake City 1 - Vancouver 0
BOTTOM OF THE 4TH
Vancouver Titans batting - Pitching for Salt Lake City Lightning : RHP Erasmo Ramirez
Batting: RHB Hunter Stovall 0-0: Ball
1-0: Ground out 6-3 (Groundball, 6, EV 86.3 MPH)
Batting: LHB Alex Crosby 0-0: Ball
1-0: Called Strike
1-1: Ball
2-1: Fly out, F2 (Popup, 2RF, EV 89.4 MPH)
Batting: RHB Jack Mayfield 0-0: SINGLE (Groundball, 56D, EV 108.1 MPH)
Batting: RHB Jimmy Herron 0-0: Ball
1-0: Foul Ball, location: 9LDF
1-1: Ball
Jack Mayfield is caught stealing 2nd base 2-4
Bottom of the 4th over - 0 runs, 1 hit, 0 errors, 0 left on base; Salt Lake City 1 - Vancouver 0
TOP OF THE 5TH
Salt Lake City Lightning batting - Pitching for Vancouver Titans : RHP Corey Oswalt
Batting: RHB Daz Cameron 0-0: Ground out 4-3 (Groundball, 34D, EV 102.5 MPH)
Batting: RHB Gabriel Rodriguez 0-0: Ball
1-0: Foul Ball, location: 7LMF
1-1: Ground out 4-3 (Groundball, 4S, EV 92.5 MPH)
Batting: SHB Gage Workman 0-0: Swinging Strike
0-1: Ball
1-1: Ball
2-1: Called Strike
2-2: Strikes out looking
Top of the 5th over - 0 runs, 0 hits, 0 errors, 0 left on base; Salt Lake City 1 - Vancouver 0
BOTTOM OF THE 5TH
Vancouver Titans batting - Pitching for Salt Lake City Lightning : RHP Erasmo Ramirez
Batting: RHB Jimmy Herron 0-0: Foul Ball, location: 2F
0-1: Ball
1-1: Foul Ball, location: 2F
1-2: Fly out, F9 (Flyball, 9LM, EV 101.3 MPH)
Batting: RHB Juan Martinez 0-0: Ball
1-0: Called Strike
1-1: Ball
2-1: Swinging Strike
2-2: Foul Ball, location: 2F
2-2: Ground out 5-3 (Groundball, 5, EV 105.6 MPH)
Batting: RHB Richie Martin 0-0: Called Strike
0-1: SINGLE (Groundball, 4MD, EV 101.9 MPH)
Batting: RHB Erick Castillo 0-0: Ball
1-0: Called Strike
1-1: Fly out, F2 (Popup, 2LF, EV 91.9 MPH)
Bottom of the 5th over - 0 runs, 1 hit, 0 errors, 1 left on base; Salt Lake City 1 - Vancouver 0
TOP OF THE 6TH
Salt Lake City Lightning batting - Pitching for Vancouver Titans : RHP Corey Oswalt
Batting: RHB Caleb Durbin 0-0: Ground out 6-3 (Groundball, 6, EV 100.0 MPH)
Batting: RHB Eury Perez 0-0: Ball
1-0: Swinging Strike
1-1: Ball
2-1: Ball
3-1: Swinging Strike
3-2: Foul Ball, location: 9LMF
3-2: Ground out 4-3 (Groundball, 4, EV 85.0 MPH)
Batting: RHB Frank Schwindel 0-0: Swinging Strike
0-1: Ball
1-1: Ball
2-1: Ground out 6-3 (Groundball, 6, EV 81.9 MPH)
Top of the 6th over - 0 runs, 0 hits, 0 errors, 0 left on base; Salt Lake City 1 - Vancouver 0
BOTTOM OF THE 6TH
Vancouver Titans batting - Pitching for Salt Lake City Lightning : RHP Erasmo Ramirez
Batting: RHB Sheldon Neuse 0-0: Ball
1-0: Called Strike
1-1: Ball
2-1: Fly out, F4 (Popup, 4D, EV 70.6 MPH)
Batting: LHB Braiden Ward 0-0: Called Strike
0-1: Swinging Strike
0-2: Ball
1-2: Ball
2-2: Foul Ball, location: 2F
2-2: Ball
3-2: Base on Balls
Batting: RHB Hunter Stovall 0-0: Called Strike
0-1: Fly out, F8 (Flyball, 8RXD, EV 106.9 MPH)
Batting: LHB Alex Crosby 0-0: Ball
1-0: SINGLE (Line Drive, 56D, EV 97.5 MPH)
Braiden Ward to second
Runner from 2nd tries for 3rd, SAFE, no throw by LF
Batting: RHB Jack Mayfield 0-0: Called Strike
0-1: Foul Ball, location: 7LDF
0-2: Ball
1-2: Strikes out swinging, 2-3 out at first.
Bottom of the 6th over - 0 runs, 1 hit, 0 errors, 2 left on base; Salt Lake City 1 - Vancouver 0
TOP OF THE 7TH
Salt Lake City Lightning batting - Pitching for Vancouver Titans : RHP Corey Oswalt
Batting: RHB Yohel Pozo 0-0: Called Strike
0-1: Swinging Strike
0-2: Strikes out looking
Batting: RHB AJ Pollock 0-0: Ball
1-0: Fly out, F8 (Line Drive, 8RS, EV 88.1 MPH)
Batting: LHB Daniel Brito 0-0: Ball
1-0: Ball
2-0: Called Strike
2-1: SINGLE (Groundball, 34D, EV 94.4 MPH)
Batting: RHB Daz Cameron 0-0: Called Strike
0-1: Ball
1-1: 2-RUN HOME RUN (Flyball, 9D, EV 99.4 MPH), Distance : 363 ft
Batting: RHB Gabriel Rodriguez 0-0: Ball
1-0: Ground out 4-3 (Groundball, 4, EV 90.6 MPH)
Top of the 7th over - 2 runs, 2 hits, 0 errors, 0 left on base; Salt Lake City 3 - Vancouver 0
BOTTOM OF THE 7TH
Vancouver Titans batting - Pitching for Salt Lake City Lightning : RHP Erasmo Ramirez
Batting: RHB Jimmy Herron 0-0: Ball
1-0: Fly out, F7 (Flyball, 78M, EV 88.1 MPH)
Batting: RHB Juan Martinez 0-0: Ball
1-0: Foul Ball, location: 5SF
1-1: Called Strike
1-2: Ball
2-2: Ball
3-2: Ground out 5-3 (Groundball, 56S, EV 85.0 MPH)
Batting: RHB Richie Martin 0-0: Ball
1-0: Called Strike
1-1: SINGLE (Groundball, 5D, EV 103.1 MPH)
Pitching: RHP Jandel Gustave
Batting: RHB Erick Castillo 0-0: Called Strike
0-1: Ball
1-1: Called Strike
Richie Martin steals 2nd base
1-2: Ball
2-2: Foul Ball, location: 2F
2-2: Fly out, F8 (Flyball, 8LS, EV 90.0 MPH)
Bottom of the 7th over - 0 runs, 1 hit, 0 errors, 1 left on base; Salt Lake City 3 - Vancouver 0
TOP OF THE 8TH
Salt Lake City Lightning batting - Pitching for Vancouver Titans : RHP Corey Oswalt
Batting: SHB Gage Workman 0-0: Called Strike
0-1: Swinging Strike
0-2: Ground out 4-3 (Groundball, 34, EV 90.6 MPH)
Batting: RHB Caleb Durbin 0-0: Foul Ball, location: 5SF
0-1: Ball
1-1: Called Strike
1-2: Foul Ball, location: 7LSF
1-2: Fly out, F3 (Popup, 34S, EV 81.3 MPH)
Batting: RHB Eury Perez 0-0: Ball
1-0: Called Strike
1-1: Ball
2-1: Foul Ball, location: 2F
2-2: Foul Ball, location: 9LSF
2-2: Foul Ball, location: 5FF
2-2: Foul Ball, location: 9LSF
2-2: Ball
3-2: SINGLE (Groundball, 34D, EV 85.0 MPH) (infield hit)
Pitching: RHP Justin Vernia
Batting: RHB Frank Schwindel 0-0: Swinging Strike
0-1: Foul Ball, location: 2F
0-2: Fly out, F8 (Flyball, 8RD, EV 103.8 MPH)
Top of the 8th over - 0 runs, 1 hit, 0 errors, 1 left on base; Salt Lake City 3 - Vancouver 0
BOTTOM OF THE 8TH
Vancouver Titans batting - Pitching for Salt Lake City Lightning : RHP Jandel Gustave
Batting: RHB Sheldon Neuse 0-0: Foul Ball, location: 2F
0-1: Ground out 5-3 (Groundball, 56S, EV 85.6 MPH)
Batting: LHB Braiden Ward 0-0: Ball
1-0: Called Strike
1-1: Ball
2-1: Foul Ball, location: 2F
2-2: Ball
3-2: Strikes out swinging
Batting: RHB Hunter Stovall 0-0: Ball
1-0: Ball
2-0: Called Strike
2-1: Fly out, F4 (Popup, 34D, EV 57.5 MPH)
Bottom of the 8th over - 0 runs, 0 hits, 0 errors, 0 left on base; Salt Lake City 3 - Vancouver 0
TOP OF THE 9TH
Salt Lake City Lightning batting - Pitching for Vancouver Titans : RHP Justin Vernia
Batting: RHB Yohel Pozo 0-0: Called Strike
0-1: Foul Ball, location: 2F
0-2: Ball
1-2: Foul Ball, location: 2F
1-2: Fly out, F8 (Flyball, 8RM, EV 87.5 MPH)
Batting: RHB AJ Pollock 0-0: Ball
1-0: Foul Ball, location: 5FF
1-1: SINGLE (Flyball, 8RS, EV 89.4 MPH)
Batting: LHB Daniel Brito 0-0: Foul Ball, location: 2F
0-1: Foul Ball, location: 3F
0-2: Foul Ball, location: 3F
0-2: Ball
1-2: Foul Ball, location: 2F
1-2: Ball
2-2: Ball
3-2: Fly out, F8 (Flyball, 8RM, EV 94.4 MPH)
Batting: RHB Daz Cameron 0-0: Ball
1-0: Ground out 4-3 (Groundball, 34, EV 98.1 MPH)
Top of the 9th over - 0 runs, 1 hit, 0 errors, 1 left on base; Salt Lake City 3 - Vancouver 0
BOTTOM OF THE 9TH
Vancouver Titans batting - Pitching for Salt Lake City Lightning : RHP Jandel Gustave
Pitching: RHP Kirby Yates
Now in RF: Kole Calhoun
Batting: LHB Alex Crosby 0-0: Foul Ball, location: 25F
0-1: Ball
1-1: Foul Ball, location: 2F
1-2: Ground out 4-3 (Groundball, 34, EV 110.0 MPH)
Batting: RHB Jack Mayfield 0-0: Fly out, F5 (Popup, 5F, EV 80.0 MPH)
Batting: RHB Jimmy Herron 0-0: Ball
1-0: Foul Ball, location: 2F
1-1: SINGLE (Line Drive, 8LS, EV 105.0 MPH)
Batting: RHB Juan Martinez 0-0: Foul Ball, location: 7LMF
0-1: Foul Ball, location: 7LMF
0-2: Ball
1-2: Ball
2-2: Strikes out looking
Bottom of the 9th over - 0 runs, 1 hit, 0 errors, 1 left on base; Salt Lake City 3 - Vancouver 0
Monday, June 3rd , 2024 - OOTP Baseball 24.11 Build 85